aen, chaotic female human Rogue ---- ------ ..| |..|.-- --- .--- |.....----- ------- --.-- ---...| -.......---- |..--.-- |...| |.....| |....a.....| |......| --- -..-- -------....- ---- --..)@.f....---......-- --.-- |...| |...--.....-- |..---...)..---.......- -..| --...---...| |...........| ----|..........-- |......-- ..| |........|.| |...........| |..---........-- |-.....-- -.-- --.......|.| -----.....)--...-------------...--.......------.......----..-- |.........| ---...............)[.....*..........Z..........................---.........| |.................)---------...................|....---..-----.............| --......(........|...| --..................|-.--. ---- |.%....|.-...-- |.......<.......---..| |.....-..........----- -- --...--|.....| --.........---...------ |...............-- |..-- ---.--| |..........----...-- --.|............| ---.-- |...- --...........--....| ----.----......| -...| ---..| --................| --- --.--.-- |....| ..| ---.............-- ------ ---.-- --- |..|.---.--..-- --- ------ ------- aen the Cutpurse Experience level: 5 Strength: 14 Dexterity: 18 Constitution: 12 Intelligence: 10 Wisdom: 12 Charisma: 10 Health: 0(33) Energy: 17(17) Def: 3 Gold: 434 Moves: 2134 Dungeon seed: XicslUGXYjO7-0Ya Game ID: aen_1529946543 Your Inventory: Coins $ - 434 gold pieces Weapons b - 7 +0 daggers (in quiver) k - 14 +0 darts s - the +0 Sting (weapon in hand) v - a cursed -1 dagger Armor e - an uncursed +1 leather armor (being worn) r - an uncursed +0 pair of iron shoes Comestibles j - 2 uncursed food rations A - an uncursed pancake Scrolls h - a cursed scroll of amnesia i - an uncursed scroll of magic mapping l - an uncursed scroll of identify q - an uncursed scroll of blank paper Potions c - an uncursed potion of sickness g - a blessed potion of sleeping m - an uncursed potion of paralysis o - an uncursed potion of extra healing u - an uncursed potion of full healing Tools d - an uncursed lock pick f - an uncursed sack w - an uncursed mirror Gems n - 2 uncursed worthless pieces of violet glass y - an uncursed worthless piece of green glass z - an uncursed worthless piece of yellowish brown glass Spells and supernatural/magical abilities: Name Level Category Fail Memory W - pray for help -- divine ? -- Your skills at the end: Fighting Skills Weapon Skills dagger [Skilled] short sword [Basic] Spellcasting Skills Final Attributes: You were piously aligned. You were aware of the presence of orcs. You were stealthy. You are dead. Vanquished creatures: 2 gnome lords 2 elf zombies a straw golem a giant ant a floating eye 2 dwarves 2 hill orcs a rothe an iguana 2 killer bees 3 coyotes a hobbit a large kobold 8 gnomes a garter snake a gecko 6 jackals a fox 2 kobolds a goblin 4 lichens 2 kobold zombies 2 newts 48 creatures vanquished. Voluntary challenges: You were an atheist. You used a wielded weapon 39 times, starting on turn 463. You read items or engraved 3 times, starting on turn 309. You never genocided any monsters. You never polymorphed an object. You never changed form. You used no wishes. You never split a pudding. You wrote Elbereth's name 1 time, starting on turn 1563. You never violated your personal moral code. Dungeon overview: The Dungeons of Doom: levels 1 to 4 Level 1 a long staircase Level 2 some fountains Level 3 a potion shop, a sink Level 4 stairs to The Gnomish Mines The Gnomish Mines: Level 5 <- You were here stairs to The Dungeons of Doom History has recorded: On T:1 you entered the Dungeons of Doom to retrieve the Amulet of Yendor! On T:197 you reached level 2 of The Dungeons of Doom. On T:363 you reached level 3 of The Dungeons of Doom. On T:701 you advanced to experience level 2. On T:744 you reached level 4 of The Dungeons of Doom. On T:1005 you advanced to experience level 3. On T:1197 you reached level 1 of The Gnomish Mines. On T:1221 you advanced to experience level 4. On T:1402 you advanced to experience level 5. Score breakdown: Gold: 434 ( 8975 points) Experience: 5 levels (11141 points) Exploration: 5 levels ( 10.87%) ( 8944 points) Discoveries: 1 item ( 0.34%) ( 1737 points) Valuables value: (no points given unless you survive) Artifact value: 800 ( 9877 points) Variety of kills: 23 monsters ( 6.04%) ( 7370 points) Turncount: 2134 turns ( -96 points) Survival: died (score multiplied by 80%) Total score: 38358 Latest messages: You hear some noises in the distance. You miss the killer bee. The killer bee stings! (3x) You miss the killer bee. The killer bee stings! (2x) The killer bee's sting was poisoned! You kill the killer bee! The killer bee stings! White dwarf misses the killer bee. The killer bee stings! You kill the killer bee! The killer bee stings! White dwarf misses the killer bee. The dagger misses the killer bee. The killer bee stings! White dwarf misses the killer bee. The killer bee misses. You throw 2 daggers. The 1st dagger misses the killer bee. The 2nd dagger misses the killer bee. The killer bee stings! You die... Final status: Goodbye aen the Rogue, killed by a killer bee... You died in The Gnomish Mines on dungeon level 5 with 38358 points, and 434 pieces of gold, after 2134 moves. You were level 5 with a maximum of 33 hit points when you died.